 Dungeon Crawl Stone Soup version 0.30.0-29-ga12c61a403 (webtiles) character file.

Game seed: 4085737645799258251

38 qw the Chopper (level 3, -1/23 HPs)
             Began as a Gargoyle Fighter on June 4, 2023.
             Slain by a gnoll
             ... wielding a +0 flail
              (7 damage)
             ... on level 2 of the Dungeon.
             The game lasted 00:00:33 (679 turns).

qw the Chopper (Gargoyle Fighter)                    Turns: 679, Time: 00:00:34

Health: -1/23      AC: 14    Str: 21    XL:     3   Next: 43%
Magic:  3/3        EV:  5    Int:  8    God:
Gold:   30         SH:  4    Dex:  9    Spells: 2/2 levels left

rFire   . . .        Y - +0 war axe
rCold   . . .        c - +0 buckler
rNeg    + . .        i - +0 plate armour
rPois   inf          (no helmet)
rElec   +            (no cloak)
rCorr   .            (no gloves)
SInv    .            (no boots)
Will    .....        (no amulet) Stlth
                     (no ring)
HPRegen 0.23/turn    (no ring)
MPRegen 0.08/turn

%: no passive effects
@: no status effects
A: sickness immunity, AC +3, negative energy resistance 1, electricity
resistance, torment resistance 1, petrification resistance
a: no special abilities


You were on level 2 of the Dungeon.
You visited 1 branch of the dungeon, and saw 2 of its levels.

You collected 30 gold pieces.


Innate Abilities, Weirdness & Mutations

You are immune to sickness and miasma.
Your stone body is resilient. (AC +3)
You are immune to poison.
You resist negative energy. (rN+)
You are resistant to electric shocks. (rElec)
You are resistant to unholy torment.
You are immune to petrification.


   Skills:
 - Level 3.2 Fighting
 + Level 3.4 Axes
 - Level 3.2 Armour
 - Level 3.2 Shields


You had 2 spell levels left.
You didn't know any spells.
Your spell library was empty.

Inventory:

Hand Weapons
 e - a +0 club
 Y - a +0 war axe (weapon)
Armour
 c - a +0 buckler (worn)
 i - a +0 plate armour (worn)
Scrolls
 a - a scroll of identify {unknown}
 h - a scroll of teleportation
Potions
 d - a potion of might
 g - a potion of haste {unknown}
 j - a potion of degeneration {unknown}
 k - 2 potions of curing

Dungeon Overview and Level Annotations

Branches:
Dungeon (2/15)

Altars:

Shops:
D:1 *


Message History

There is a stone staircase leading up here.
Waypoint 1 assigned to D:2.
Found a stone staircase leading up.
There is a stone staircase leading up here.
a - a scroll labelled KIAGOM TOZXAIQ
Found a robe.
A gnoll comes into view. It is wielding a +0 spear.
667 ||| Stepping ~*~*~tactically~*~*~ (stealth).
668 ||| Stepping ~*~*~tactically~*~*~ (stealth).
A gnoll is nearby!
The gnoll shouts!
You hear a shout! x2
The gnoll throws a stone.
You block the stone. The gnoll hits you but does no damage.
A gnoll comes into view. It is wielding a +0 halberd.
You block the gnoll's attack.
You barely miss the gnoll.
A gnoll comes into view. It is wielding a +0 flail.
The gnoll hits you but does no damage.
You hit the gnoll but do no damage. The gnoll hits you but does no damage.
You closely miss the gnoll. The gnoll hits you but does no damage.
The gnoll hits you from afar with a +0 halberd. x2
You block the gnoll's attack.
You closely miss the gnoll.
The gnoll hits you from afar with a +0 halberd!
You block the gnoll's attack.
You slash the gnoll!
The gnoll is severely wounded.
You hit the gnoll. The gnoll hits you but does no damage.
You block the gnoll's attack. The gnoll hits you with a +0 spear.
You hit the gnoll.
The gnoll is almost dead.
You hit the gnoll but do no damage. The gnoll hits you with a +0 flail.
The gnoll hits you but does no damage.
The gnoll hits you from afar with a +0 halberd.
The gnoll hits you but does no damage. You block the gnoll's attack.
The gnoll hits you with a +0 flail!
You die...

..# #.# #.# #.#
#.#########
#..<.......
#.#############
#.###.##<..gg.....[
#.........@####.###
#####.##..g#
#.###..# #.# #..#
#....#.# #####....
.###.. #. ... ## ..


You could see 3 gnolls.

Vanquished Creatures
  3 dart slugs (D:1)
  An endoplasm (D:1)
  3 giant cockroaches (D:1)
  3 goblins (D:1)
  4 hobgoblins (D:1)
  A quokka (D:1)
  3 ball pythons (D:1)
  2 bats (D:1)
  3 frilled lizards (D:1)
  4 kobolds (D:1)
  4 rats (D:1)
31 creatures vanquished.

Notes
Turn   | Place    | Note
-------+----------+-------------------------------------------
     0 | D:1      | qw the Gargoyle Fighter began the quest for the Orb.
     0 | D:1      | Reached XP level 1. HP: 14/14 MP: 1/1
     0 | D:1      | 0 ||| qw: Version: 0.2-a-107-g4668610
     0 | D:1      | 0 ||| qw: Game counter: 1283
     0 | D:1      | 0 ||| qw: Always use a shield: true
     0 | D:1      | 0 ||| qw: God list: Okawaru
     0 | D:1      | 0 ||| qw: Allow faded altars: false
     0 | D:1      | 0 ||| qw: Do Orc after D:15 true
     0 | D:1      | 0 ||| qw: Do second Lair branch before Depths: true
     0 | D:1      | 0 ||| qw: Lair rune preference: random
     0 | D:1      | 0 ||| qw: Plans: Normal, Zot:1-4, Slime:5, God:TSO, Crypt,
                  | Tomb, Abyss, Pan, Hells, Win
     0 | D:1      | 0 ||| PLANNING D:1-11
    47 | D:1      | 47 ||| Stepping ~*~*~tactically~*~*~ (hiding).
    50 | D:1      | 50 ||| Stepping ~*~*~tactically~*~*~ (hiding).
    82 | D:1      | Reached XP level 2. HP: 19/19 MP: 2/2
   118 | D:1      | 118 ||| Stepping ~*~*~tactically~*~*~ (hiding).
   183 | D:1      | Reached skill level 3 in Axes
   240 | D:1      | 240 ||| Stepping ~*~*~tactically~*~*~ (hiding).
   252 | D:1      | Reached XP level 3. HP: 23/23 MP: 3/3
   313 | D:1      | Found Uliotown's General Store.
   317 | D:1      | 317 ||| SHOPLISTING scroll of enchant weapon (97 gold, have
                  | 30).
   317 | D:1      | 317 ||| SHOPLISTING scroll of teleportation (39 gold, have
                  | 30).
   505 | D:1      | 505 ||| UPGRADING to +0 plate armour.
   515 | D:1      | 515 ||| DROPPING +0 scale mail.
   516 | D:1      | 516 ||| READING scroll labelled FEL GYIDWI.
   517 | D:1      | 517 ||| READING 2 scrolls labelled ZIWAST JYEXT.
   522 | D:1      | 522 ||| READING scroll labelled SAORRY GEBUOM.
   623 | D:1      | 623 ||| READING scroll labelled PAHAMU ICIALA.
   624 | D:1      | 624 ||| DRINKING 3 cyan potions.
   667 | D:2      | 667 ||| Stepping ~*~*~tactically~*~*~ (stealth).
   668 | D:2      | 668 ||| Stepping ~*~*~tactically~*~*~ (stealth).
   679 | D:2      | Slain by a gnoll

Levels and vault maps discovered:
D:1:      wander_arrival_chamber, layout_rooms, serial_shops,
          nicolae_shop_back_alley_shop, palyth_stone_intersect
D:2:      layout_loops_ring, ebering_ecumenical_altar_sacrificial, basic_altar

Skill      XL: |  1  2 |
---------------+-------+-----
Axes           | 2 3 |  3.4
Fighting       | |  3.2
Armour         | |  3.2
Shields        | |  3.2

Action                     || total
---------------------------++-------
  Melee: War axe           ||    93
    Use: Scroll            ||     4
         Potion            ||     1
 Armour: Scale mail        ||    43
         Plate armour      ||     7
  Dodge: Dodged            ||    39
  Block: Buckler           ||    21

Table legend:
 A = Non-vault XP
 B = Vault XP
 C = Vault XP percentage of total XP
 D = Non-vault monster count
 E = Vault monster count
 F = Vault count percentage of total count
                 A         B        C        D         E       F
            +---------+---------+-------+---------+---------+-------
      Total |      55 |       0 |   0.0 |      31 |       0 |   0.0
            +---------+---------+-------+---------+---------+-------
        D:1 |      55 |       0 |   0.0 |      31 |       0 |   0.0
            +---------+---------+-------+---------+---------+-------
